 Dungeon Crawl Stone Soup version 0.30-a0-802-gb92711bcdf (webtiles) character file.

Game seed: 2507109960519415891

21348 bjtr the Earth Mage (level 12, -25/72 HPs)
             Began as a Gargoyle Earth Elementalist on Feb 24, 2023.
             Was a Believer of Vehumet.
             Annihilated by an azure jelly (36 damage)
             ... in an ice cave on Feb 25, 2023.
             The game lasted 01:07:43 (13275 turns).

bjtr the Earth Mage (Gargoyle Earth Elementalist)  Turns: 13275, Time: 01:07:44

Health: -25/72     AC: 24    Str: 12    XL:     12   Next: 89%
Magic:  26/26      EV: 16    Int: 21    God:    Vehumet [**....]
Gold:   1354       SH:  0    Dex: 10    Spells: 17/32 levels left

rFire   . . .      SeeInvis .    K - +3 scimitar (spect)
rCold   . . .      Faith    .    (no shield)
rNeg    + . .      Spirit   .    T - +1 troll leather armour
rPois   ∞          Reflect  .    Y - +0 helmet
rElec   +          Harm     .    (no cloak)
rCorr   .          Rampage  .    j - +2 pair of gloves
Will    .....                    m - +2 pair of boots
Stlth   ++                       (no amulet)
HPRegen 1.12/turn                u - +4 ring of protection
MPRegen 0.20/turn                A - +5 ring of evasion

@: hasted, very quick
A: sickness immunity, AC +8, negative energy resistance 1, electricity
resistance, torment resistance 1, petrification resistance
a: Renounce Religion


You were in an ice cave.
You worshipped Vehumet.
Vehumet was pleased with you.
You visited 2 branches of the dungeon, and saw 14 of its levels.
You also visited: Ossuary and Ice Cave.

You collected 1685 gold pieces.
You spent 331 gold pieces at shops.

Inventory:

Hand Weapons
 o - a +3 short sword of speed
 s - a +0 sling
 v - a +0 broad axe
 E - the +9 long sword "Jeoxt" {pain, Fragile rElec rPois Will++}
   (You found it on level 5 of the Dungeon)

   rElec:     It insulates you from electricity.
   rPois:     It protects you from poison.
   Fragile:   It will be destroyed if unequipped.
   Will:      It greatly increases your willpower.
 J - a +3 morningstar
 K - a +3 spectral scimitar (weapon)
 M - a +3 flail of protection
 P - a +5 dire flail
 Q - a +5 short sword of freezing
 W - a +1 antimagic whip
Missiles
 t - a throwing net
 z - 27 poisoned darts
 U - 4 curare-tipped darts (quivered)
Armour
 j - a +2 pair of gloves (worn)
 m - a +2 pair of boots (worn)
 q - a +1 kite shield
 N - a +2 robe of willpower
 T - a +1 troll leather armour (worn)
 V - a +3 ring mail
 Y - a +0 helmet (worn)
Magical Staves
 k - a staff of conjuration
Jewellery
 f - a +4 ring of protection
 n - a ring of flight
 r - a +6 ring of strength
 u - a +4 ring of protection (left hand)
 A - a +5 ring of evasion (right hand)
 S - the ring of Ylam {rElec rF+ rCorr Int+2 Dex-2}
   (You found it on level 8 of the Dungeon)

   [ring of protection from fire]

   Int:       It affects your intelligence (+2).
   Dex:       It affects your dexterity (-2).
   rF:        It protects you from fire.
   rElec:     It insulates you from electricity.
   rCorr:     It protects you from acid and corrosion.
Wands
 i - a wand of mindburst (3)
 H - a wand of polymorph (4)
 I - a wand of roots (29)
 O - a wand of quicksilver (22)
 Z - a wand of flame (3)
Scrolls
 c - a scroll of silence
 d - a scroll of torment
 p - 2 scrolls of vulnerability
 w - 3 scrolls of blinking
 y - 10 scrolls of teleportation
 R - a scroll of amnesia
 X - a scroll of identify
Potions
 a - 2 potions of berserk rage
 b - a potion of magic
 e - 4 potions of lignification
 g - 3 potions of invisibility
 h - 3 potions of mutation
 l - 5 potions of attraction
 x - a potion of resistance
 B - 3 potions of brilliance
 C - 4 potions of curing
 D - 3 potions of flight
 F - 3 potions of haste
 G - a potion of heal wounds
 L - 2 potions of might


   Skills:
 + Level 7.6 Fighting
 - Level 1.5 Dodging
 - Level 2.1 Stealth
 * Level 4.9 Shields
 + Level 10.5 Spellcasting
 + Level 7.2 Conjurations
 - Level 0.7 Transmutations
 * Level 17.2 Earth Magic


You had 17 spell levels left.
You knew the following spells:

 Your Spells              Type           Power      Damage    Failure   Level
a - Sandblast             Erth           100%       2d20      0%          1
b - Passwall              Tmut/Erth      40%        N/A       1%          2
c - Stone Arrow           Conj/Erth      100%       3d13      1%          3
d - Petrify               Tmut/Erth      48%        N/A       1%          4
e - Mephitic Cloud        Conj/Pois/Air  21%        N/A       9%          3
f - Blink                 Tloc           22%        N/A       12%         2

Your spell library contained the following spells:

 Spells                   Type           Power      Damage    Failure   Level
 Static Discharge         Conj/Air       52%        2-5/arc   2%          2
 Magic Dart               Conj           100%       1d8       1%          1
 Sting                    Tmut/Pois      48%        1d5       7%          1
 Necrotise                Necr           44%        1d6       8%          1
 Summon Small Mammal      Summ           44%        N/A       8%          1
 Call Imp                 Summ           11%        N/A       12%         2
 Poisonous Vapours        Pois/Air       22%        N/A       12%         2
 Call Canine Familiar     Summ           11%        N/A       24%         3
 Ozocubu's Armour         Ice            11%        N/A       24%         3
 Summon Guardian Golem    Hex/Summ       11%        N/A       24%         3
 Vampiric Draining        Necr           11%        2d6       24%         3
 Manifold Assault         Tloc           11%        N/A       61%         4
 Olgreb's Toxic Radiance  Pois           11%        N/A       61%         4
 Agony                    Necr           11%        N/A       91%         5
 Ozocubu's Refrigeration  Ice            5%         4d8       100%        7
 Storm Form               Tmut/Air       6%         N/A       100%        7
 Cigotuvi's Dreadful Rot  Necr/Pois/Air  Unusable   N/A       N/A         2

Dungeon Overview and Level Annotations

Branches:
Dungeon (13/15)            Temple (1/1) D:4            Lair (0/5) D:8
    Orc (0/2) D:11        Ossuary (visited)           IceCv (1/1)
 Vaults: D:13-14

Altars:
Ashenzari
Cheibriados
Dithmenos
Elyvilon
Fedhas
Gozag
Hepliaklqana
Kikubaaqudgha
Makhleb
Nemelex Xobeh
Okawaru
Qazlal
Ru
Sif Muna
Trog
Uskayaw
Vehumet
Wu Jian
Xom
Yredelemnul
Zin
The Shining One

Shops:
D:3 *   D:11 !


Innate Abilities, Weirdness & Mutations

You are immune to sickness and miasma.
Your stone body is resilient. (AC +8)
You are immune to poison.
You resist negative energy. (rN+)
You are resistant to electric shocks. (rElec)
You are resistant to unholy torment.
You are immune to petrification.


Message History

The azure jelly hits you but does no damage. x2
The azure jelly hits you.
The azure jelly hits you but does no damage.
You barely miss the azure jelly.
The azure jelly is heavily wounded.
Your +3 spectral scimitar hits the azure jelly!
The azure jelly closely misses you.
The azure jelly hits you but does no damage. x3
You closely miss the azure jelly.
The azure jelly is severely wounded.
Your +3 spectral scimitar hits the azure jelly.
The azure jelly misses you. The azure jelly hits you.
The azure jelly freezes you!!
The azure jelly hits you but does no damage. x2
The azure jelly completely misses you.
The azure jelly hits you but does no damage. x2
The azure jelly hits you.
The azure jelly attacks as you move away!
The azure jelly hits you but does no damage.
The azure jelly closely misses you. x2
The azure jelly hits you but does no damage.
You feel much better. The azure jelly barely misses you. x2
The azure jelly hits you but does no damage.
The azure jelly misses you.
You feel yourself speed up. The azure jelly closely misses you.
The azure jelly hits you but does no damage. x2
The azure jelly closely misses you.
You barely miss the azure jelly.
The azure jelly is severely wounded.
Your +3 spectral scimitar hits the azure jelly!!
The azure jelly completely misses you.
The azure jelly hits you but does no damage. x3
The azure jelly hits you! The azure jelly freezes you!!
* * * LOW HITPOINT WARNING * * *
The azure jelly hits you but does no damage. x3
The azure jelly hits you.
* * * LOW HITPOINT WARNING * * *
The azure jelly freezes you!!!
Ouch! That really hurt!
You die...

#..#.......#.......
#.##...#...##.....
..##..##...# ....#
..##..###..# #...
..#..## #..###..####
.##..# ##..##..##.#
.##..## #..##§##..##
..#...# #..##.J(...#
..##..####..##.J@...#
#..#....##..##......#
#..##.......##......#
#.)[#...##...#...#..#
##..##..##...##.##..#
.##.##..##....#.##..#
..#.##..##....#.#...#
....#...###...#.#...#
#.......# ##.......##


You could see 2 azure jellies and a friendly +3 spectral scimitar (summoned).

Vanquished Creatures
  Frances (D:12)
  A quicksilver ooze (IceCv)
  A hydra (D:12)
  A boulder beetle (D:12)
  A two-headed ogre (D:10)
  3 skeletal warriors (D:12)
  Sonja (D:11)
  An ugly thing (D:9)
  The ghost of cforsyth the Covert, a novice KoBr of Dithmenos (D:5)
  An ice statue (IceCv)
  An unseen horror (D:12)
  Psyche (D:11)
  A gargoyle (D:12)
  A komodo dragon (D:11)
  A kobold demonologist (D:11)
  4 trolls
  A hornet (D:10)
  11 slime creatures (IceCv)
  A centaur simulacrum (D:13)
  Sigmund (D:6)
  A wyvern (D:9)
  A vampire (D:9)
  3 wraiths
  23 yaks
  5 vampire mosquitoes (D:12)
  A water moccasin (D:7)
  3 ice beasts
  7 orc warriors
  A black bear (D:6)
  A sky beast (D:7)
  3 great orb of eyes simulacra (IceCv)
  3 ogres
  2 wolves (D:13)
  7 centaurs
  A phantom (D:6)
  2 slime creature simulacra (IceCv)
  3 kobold brigands
  4 bullfrogs
  6 glowing shapeshifter simulacra (IceCv)
  10 wights
  2 electric eels (D:8)
  2 howler monkeys
  2 hounds (D:5)
  2 jellies
  5 orc priests
  2 gnoll boudas
  3 iguanas
  9 orc wizards
  A shapeshifter simulacrum (IceCv)
  A mummy (D:4)
  8 gnolls
  13 adders
  A shadow imp (D:6)
  5 white imps
  An adder zombie (Ossuary)
  2 worms
  3 dart slugs
  47 orcs
  4 ball pythons
  4 endoplasms
  4 giant cockroaches
  A goblin (D:1)
  6 hobgoblins
  5 jackals (D:1)
  6 quokkas
  A ball python skeleton (Ossuary)
  2 frilled lizards
  A hobgoblin skeleton (Ossuary)
  2 hobgoblin zombies (Ossuary)
  17 kobolds
  2 kobold zombies (Ossuary)
  4 rats
290 creatures vanquished.

Vanquished Creatures (others)
  A gnoll bouda (D:8)
1 creature vanquished.

Grand Total: 291 creatures vanquished

Notes
Turn   | Place    | Note
-------+----------+-------------------------------------------
     0 | D:1      | bjtr the Gargoyle Earth Elementalist began the quest for
                  | the Orb.
     0 | D:1      | Reached XP level 1. HP: 10/10 MP: 3/3
    95 | D:1      | Reached skill level 4 in Earth Magic
    95 | D:1      | Reached XP level 2. HP: 16/16 MP: 5/5
    98 | D:1      | Learned a level 2 spell: Passwall
   629 | D:1      | Reached skill level 1 in Fighting
   655 | D:1      | Reached XP level 3. HP: 20/20 MP: 3/6
  1238 | D:2      | Reached XP level 4. HP: 25/25 MP: 5/8
  1393 | D:2      | Learned a level 3 spell: Stone Arrow
  1819 | D:3      | Reached skill level 5 in Earth Magic
  2011 | D:3      | Found Hycsof's Assorted Antiques.
  2024 | D:3      | Bought a lumpy ruby potion for 27 gold pieces
  2024 | D:3      | Bought a scroll labelled FUUMAR PIOVAM for 31 gold pieces
  2100 | D:3      | Reached XP level 5. HP: 30/30 MP: 6/9
  2139 | D:3      | Found a glowing golden altar of the Shining One.
  2141 | D:3      | Found a sparkling altar of Nemelex Xobeh.
  2245 | D:3      | Found a broken altar of Ashenzari.
  2359 | D:4      | Found a staircase to the Ecumenical Temple.
  2368 | Temple   | Entered the Ecumenical Temple
  2391 | D:4      | Found a sand-covered staircase.
  2401 | Ossuary  | Entered an ossuary
  2510 | Ossuary  | Reached skill level 1 in Conjurations
  2621 | Ossuary  | Reached XP level 6. HP: 35/35 MP: 11/11
  2627 | Ossuary  | Learned a level 4 spell: Petrify
  2644 | Ossuary  | Noticed a wraith
  2644 | Ossuary  | Noticed a flying skull
  2650 | Ossuary  | Noticed a flying skull
  2654 | Ossuary  | Noticed a flying skull
  2677 | Ossuary  | Noticed a flying skull
  2685 | Ossuary  | Noticed a wraith
  2714 | Ossuary  | Killed a wraith
  2715 | Ossuary  | Reached skill level 6 in Earth Magic
  3006 | Ossuary  | Reached XP level 7. HP: 38/40 MP: 7/13
  3049 | Ossuary  | Noticed a wraith
  3053 | Ossuary  | Killed a wraith
  3054 | Ossuary  | Reached skill level 7 in Earth Magic
  3141 | Ossuary  | Learned a level 3 spell: Mephitic Cloud
  3450 | D:4      | You fall into a shaft and drop 3 floors!
  3482 | D:7      | Identified a scroll of acquirement
  3482 | D:7      | Acquired 1021 gold pieces
  3749 | D:7      | Reached XP level 8. HP: 34/46 MP: 2/15
  3892 | D:7      | Reached skill level 8 in Earth Magic
  3906 | D:7      | Learned a level 2 spell: Blink
  3937 | D:6      | Reached skill level 5 in Spellcasting
  3987 | D:5      | Entered Level 5 of the Dungeon
  4113 | D:5      | Identified the +9 long sword "Jeoxt" {pain, Fragile rElec
                  | rPois Will++}
  4430 | D:5      | Found a bloodstained altar of Trog.
  4446 | D:5      | Reached skill level 9 in Earth Magic
  4883 | D:5      | Found a runed translucent door.
  4889 | D:5      | Noticed cforsyth's ghost (novice KoBr)
  4898 | D:5      | Killed cforsyth's ghost
  4899 | D:5      | Reached skill level 10 in Earth Magic
  4899 | D:5      | Reached XP level 9. HP: 52/52 MP: 11/18
  5281 | D:6      | Noticed Sigmund
  5285 | D:6      | Killed Sigmund
  6205 | D:7      | Reached skill level 5 in Fighting
  6208 | D:7      | Reached skill level 11 in Earth Magic
  6723 | D:8      | Identified the ring of Ylam {rElec rF+ rCorr Int+2 Dex-2}
  6878 | D:8      | Reached skill level 5 in Conjurations
  6878 | D:8      | Reached XP level 10. HP: 28/59 MP: 14/20
  7180 | D:8      | Found a staircase to the Lair.
  7253 | D:8      | Reached skill level 12 in Earth Magic
  8547 | D:9      | Noticed a brown ugly thing
  8565 | D:9      | Killed a brown ugly thing
  8566 | D:9      | Reached skill level 13 in Earth Magic
  8754 | D:10     | Entered Level 10 of the Dungeon
  9040 | D:10     | Noticed a two-headed ogre
  9066 | D:10     | Killed a two-headed ogre
  9067 | D:10     | Reached XP level 11. HP: 66/66 MP: 7/23
  9245 | D:10     | Reached skill level 14 in Earth Magic
  9532 | D:10     | Found a radiant altar of Vehumet.
  9538 | D:10     | Became a worshipper of Vehumet
  9726 | D:11     | Noticed Sonja
  9731 | D:11     | Killed Sonja
  9924 | D:11     | Found Moodgh's Distillery.
  9924 | D:11     | Noticed Psyche
  9927 | D:11     | Killed Psyche
  9928 | D:11     | Reached skill level 1 in Shields
  9941 | D:11     | Bought a potion of curing for 39 gold pieces
  9941 | D:11     | Bought a potion of heal wounds for 65 gold pieces
  9941 | D:11     | Bought a potion of magic for 104 gold pieces
  9941 | D:11     | Bought a potion of berserk rage for 65 gold pieces
  9983 | D:11     | Found a staircase to the Orcish Mines.
 10166 | D:11     | Reached skill level 15 in Earth Magic
 10541 | D:12     | Noticed a five-headed hydra
 10552 | D:12     | Killed a five-headed hydra
 10556 | D:12     | Reached * piety under Vehumet
 10556 | D:12     | Offered knowledge of Shock by Vehumet.
 10595 | D:12     | Noticed Frances
 10623 | D:12     | Killed Frances
 10624 | D:12     | Reached XP level 12. HP: 14/72 MP: 9/25
 11497 | D:12     | Reached skill level 16 in Earth Magic
 11723 | D:12     | Noticed a boulder beetle
 11729 | D:12     | Killed a boulder beetle
 11771 | D:12     | Reached skill level 10 in Spellcasting
 12073 | D:13     | Found a frozen archway.
 12120 | IceCv    | Entered an ice cave
 12383 | IceCv    | Offered knowledge of Static Discharge by Vehumet.
 12488 | IceCv    | Reached ** piety under Vehumet
 13117 | IceCv    | Reached skill level 17 in Earth Magic
 13210 | IceCv    | Noticed a quicksilver ooze
 13216 | IceCv    | Killed a quicksilver ooze
 13261 | IceCv    | Noticed an azure jelly
 13263 | IceCv    | Noticed an azure jelly
 13275 | IceCv    | Annihilated by an azure jelly

Illustrated notes

Levels and vault maps discovered:
D:1:      dpeg_arrival_rooms_c, layout_rooms, hangedman_feature_mirror
D:2:      layout_loops_ring
D:3:      layout_rooms, marbit_many_paths,
          chequers_temple_overflow_statue_of_worship, serial_shops, shop,
          nicolae_figureground_pulse
D:4:      layout_rooms, minmay_temple_entry_butterflies,
          gup_ossuary_entry_pyramid, minmay_misc_feat_rows
D:5:      layout_basic, mainiacjoe_overflow_24_doors, ebering_ghost_sewer_d,
          bh_walls_and_bars
D:6:      layout_cave_pods, serial_rivers, chequers_serial_rivers_marsh,
          chequers_serial_rivers_micro_a, chequers_serial_rivers_micro_a,
          chequers_serial_rivers_small_b, chequers_serial_rivers_micro_a,
          nicolae_fountain_basement, uniq_sigmund
D:7:      layout_rooms
D:8:      wad_river_or_something, layout_cave_pools, lair_entry_dummy,
          special_room [special_room_orc], nicolae_figureground_sparkle
D:9:      layout_irregular_city
D:10:     layout_basic, nicolae_vehumet_altar_sigil
D:11:     layout_roguey, david_orc_3, serial_shops, shop_fountains,
          grunt_ministairs_3, uniq_psyche, uniq_sonja
D:12:     layout_loops_corners, uniq_frances
D:13:     layout_basic, david_vaults_4, gauntlet_entry_generic,
          nicolae_trove_entry_free_sample, serial_ice, serial_ice_i,
          serial_ice_m, serial_ice_e, serial_ice_o, serial_ice_d, serial_ice_g,
          portal_ice_cave_entry_pillars_1
Temple:   sentei_temple_godly_chess
IceCv:    ice_cave_hellmonk_azure_passage

Skill      XL: |  1  2  3  4  5  6  7  8  9 10 11 12 |
---------------+-------------------------------------+-----
Earth Magic    | 4 5 6 7 10 11 13 15 17 | 17.2
Fighting       | 1 2 3 4 5 6 7 |  7.6
Spellcasting   | 3 4 6 7 8 9 10 | 10.5
Conjurations   | 1 2 4 5 6 7 |  7.2
Shields        | 2 4 |  4.9
Dodging        | |  1.5
Stealth        | |  2.1
Transmutations | |  0.7

Action                     |  1- 3 |  4- 6 |  7- 9 | 10-12 || total
---------------------------+-------+-------+-------+-------++-------
  Melee: Short sword       |    28 |    88 |   106 |   117 ||   339
         Punch             |     1 |     1 |     3 |     2 ||     7
         Morningstar       |       |       |       |     2 ||     2
         Scimitar          |       |       |       |    85 ||    85
  Throw: Dart              |       |       |       |     3 ||     3
   Cast: Sandblast         |    33 |    47 |   125 |   268 ||   473
         Stone Arrow       |       |     3 |     5 |    35 ||    43
         Passwall          |       |       |     1 |     1 ||     2
         Mephitic Cloud    |       |       |       |    17 ||    17
         Petrify           |       |       |       |     5 ||     5
         Blink             |       |       |       |     1 ||     1
  Evoke: Wand              |       |       |       |    11 ||    11
    Use: Scroll            |       |     3 |    13 |    12 ||    28
         Potion            |       |       |       |     6 ||     6
   Stab: Sleeping          |       |     7 |     1 |       ||     8
         Petrified         |       |       |       |    14 ||    14
         Confused          |       |       |       |     5 ||     5
         Distracted        |       |       |       |     1 ||     1
 Armour: Robe              |    10 |    28 |    33 |    68 ||   139
         Leather armour    |       |       |    37 |       ||    37
         Troll leather arm |       |       |       |   151 ||   151
  Dodge: Dodged            |    16 |    64 |   116 |   368 ||   564

Table legend: (Time is in decaauts)
 A = Elapsed time spent in this place.
 B = Non-inter-level travel time spent in this place.
 C = Inter-level travel time spent in this place.
 D = Time resting spent in this place.
 E = Time spent auto-exploring this place.
 F = Levels seen in this place.
 G = Mean time per level.
                   A        B        C        D        E       F      G
               +--------+--------+--------+--------+--------+-----+--------+
         Total |  13454 |  12984 |    470 |   3434 |   6596 |  16 |  840.9 |
       Dungeon |  11468 |  10998 |    470 |   2126 |   6447 |  13 |  882.2 |
        Temple |      7 |      7 |      0 |      0 |      0 |   1 |    7.0 |
       Ossuary |    778 |    778 |      0 |    465 |     54 |   1 |  778.0 |
      Ice Cave |   1199 |   1199 |      0 |    843 |     95 |   1 | 1199.0 |
               +--------+--------+--------+--------+--------+-----+--------+

Top non-repeatable levels by time:
    D:12: 1558 daAuts
   IceCv: 1199 daAuts
     D:5: 1148 daAuts
     D:6: 1145 daAuts
     D:8: 1109 daAuts
     D:9: 1047 daAuts
     D:2: 936 daAuts
    D:10: 934 daAuts
    D:11: 863 daAuts
     D:7: 828 daAuts
     D:1: 786 daAuts
 Ossuary: 778 daAuts
     D:3: 588 daAuts
     D:4: 464 daAuts
    D:13: 55 daAuts
